 Dungeon Crawl Stone Soup version 0.21.1-1-g345015f (webtiles) character file.

95 inc the Scratcher (level 4, 31/31 HPs)
             Began as a Felid Monk on Mar 14, 2018.
             Quit the game on level 4 of the Dungeon.
             The game lasted 00:02:49 (2970 turns).

inc the Scratcher (Felid Monk)                      Turns: 2970, Time: 00:02:50

Health: 31/31      AC: 22    Str:  7    XL:     4   Next: 39%
Magic:  5/5        EV:  4    Int: 16    God:
Gold:   178        SH:  0    Dex: 25    Spells: 3/3 levels left
                                        Lives:  0   Deaths: 1

rFire    . . .     SeeInvis +     - Unarmed
rCold    . . .     Gourm    .   (shield unavailable)
rNeg     + + +     Faith    .   (armour unavailable)
rPois    +         Spirit   .   (helmet unavailable)
rElec    .         Reflect  .   (cloak unavailable)
rCorr    .         Harm     .   (gloves unavailable)
MR       +....     NoTele   +   (boots unavailable)
Stlth    ++++......             (no amulet)
HPRegen  0.10/turn              n - ring of protection from magic
MPRegen  0.09/turn              (no ring)

@: brilliant, agile, tree-form
A: very small, no armour, no weapons or thrown items, stealth, see invisible,
carnivore, slow metabolism 1
a: no special abilities


You were on level 4 of the Dungeon.
You were not hungry.
You were a tree.
You visited 1 branch of the dungeon, and saw 4 of its levels.

You collected 178 gold pieces.

Inventory:

Jewellery
 n - a ring of protection from magic (left branch)
Scrolls
 e - 3 scrolls of remove curse {unknown}
 f - a scroll of random uselessness {unknown}
 g - a scroll of magic mapping {unknown}
 h - 2 scrolls of fog {unknown}
 i - a scroll of enchant armour {unknown}
 k - 2 scrolls of teleportation {unknown}
 l - a scroll of blinking {unknown}
 m - 2 scrolls of noise {unknown}
 o - a scroll of identify {unknown}
 p - a scroll of immolation {unknown}
Potions
 b - a potion of agility
 c - 4 potions of lignification
 d - 2 potions of curing
 q - a potion of heal wounds
Comestibles
 a - 5 rations


   Skills:
 - Level 3.0 Fighting
 - Level 4.0 Dodging
 - Level 2.6 Stealth
 + Level 6.2 Unarmed Combat


You had 3 spell levels left.
You didn't know any spells.

Dungeon Overview and Level Annotations

Branches:
Dungeon (4/15)
 Temple: D:4-7

Altars:
Wu Jian


Innate Abilities, Weirdness & Mutations

You cannot wear armour.
You are incapable of wielding weapons or throwing items.
Your paws allow you to move quietly. (Stealth)
((You have sharp claws.))
((You have razor-sharp teeth.))
You have supernaturally acute eyesight. (SInv)
You are carnivorous and can eat meat at any time.
((You cover ground quickly.))
((You are covered in fur. (AC +1)))
You have a slow metabolism.
((Your sharp claws are effective at attacking unaware monsters.))


Message History

Found 13 stones.
You scratch the gnoll. You bite the gnoll.
The gnoll is heavily wounded.
You closely miss the gnoll.
The gnoll is heavily wounded.
The gnoll hits you from afar with a spear!
* * * LOW HITPOINT WARNING * * *
The gnoll hits you with a flail!
You die...
You are now level 4!
You rejoin the land of the living...
It was a potion of curing.
You feel better.
It was a potion of brilliance.
You feel clever all of a sudden.
It was a potion of heal wounds.
You feel much better.
It was a potion of agility.
You feel agile all of a sudden.
It was a potion of lignification.
You turn into a tree.
Your roots penetrate the ground.
Are you sure you want to abandon this character and quit the game? (Confirm with "yes".)

#####.........#.##...#
.........###..#†...#.#
########## #######.###
..........#
#######.#.# #### #...#
..# ##### #.# #♣# #.#
#.# #.# #.. ###


There were no monsters in sight!

Vanquished Creatures
  A centaur skeleton (D:2)
  An iguana (D:4)
  3 gnolls (D:2)
  3 adders
  An ooze (D:3)
  2 worms
  A dart slug (D:1)
  A leopard gecko (D:2)
  9 giant cockroaches
  9 goblins
  10 hobgoblins
  A quokka (D:3)
  6 bats
  8 frilled lizards
  4 kobolds
  5 rats
65 creatures vanquished.

Notes
Turn   | Place    | Note
-------+----------+-------------------------------------------
     0 | D:1      | inc the Felid Monk began the quest for the Orb.
     0 | D:1      | Reached XP level 1. HP: 10/10 MP: 2/2
    89 | D:1      | Reached XP level 2. HP: 11/14 MP: 3/3
   521 | D:1      | Reached skill level 4 in Unarmed Combat
   899 | D:2      | Reached XP level 3. HP: 14/17 MP: 4/4
  1159 | D:2      | Reached XP level 4. HP: 17/21 MP: 5/5
  1410 | D:2      | Reached skill level 5 in Unarmed Combat
  2366 | D:3      | Reached XP level 5. HP: 15/24 MP: 6/6
  2568 | D:3      | Found a faded altar of an unknown god.
  2789 | D:3      | Reached skill level 6 in Unarmed Combat
  2810 | D:3      | Found an ornate altar of the Wu Jian Council.
  2964 | D:4      | Slain by a gnoll
  2965 | D:4      | Reached XP level 4. HP: -5/21 MP: 5/5
  2970 | D:4      | Quit the game

Skill      XL: |  1  2  3  4  5 |
---------------+----------------+-----
Unarmed Combat | 4 5 6 |  6.2
Fighting       | |  3.0
Dodging        | |  4.0
Stealth        | |  2.6

Action                   |  1- 3 |  4- 6 || total
-------------------------+-------+-------++-------
Melee: Unarmed           |    77 |   101 ||   178
       Bite              |     6 |     8 ||    14
       Punch             |     1 |     3 ||     4
  Use: Potion            |       |     5 ||     5
 Stab: Sleeping          |     6 |     7 ||    13
       Distracted        |     1 |       ||     1
  Eat: Chunk             |     2 |     3 ||     5
Armor: Skin              |     3 |     2 ||     5
Dodge: Dodged            |    49 |    65 ||   114
